AoeStats
← dohteM

Black Forest

510409507Analyzed
3v3 RM · 1d ago on Sep 30, 2026· 65m 25s· 6 players
Game mode
Random Map
Map size
Normal (6 player)
Population
200
Speed
Normal
Resources
Standard
Victory
Conquest
Starting age
Dark Age
Ending age
Imperial Age
RankedLock teamsTeams togetherTeam positionsShared explorationLock speedFull tech treeHidden civsTurbo modeCheats
Victory
Defeat
🇦🇷 Saracens · Argentina
837
+11
🇺🇸 Chinese · United States
813
+27
🇹🇷 Lithuanians · Türkiye
788
+14
🇲🇽 Danes · Mexico
865
-17
🇲🇽 Jurchens · Mexico
718
-12
🇺🇸 Romans · United States
596
-8
fahre
6:19 Loom
12:29 Feudal Age
13:04 Horse Collar
13:23 Double-Bit Axe
13:46 Gold Mining
18:15 Bloodlines
22:22 Castle Age
21:54 Stone Mining
23:05 Husbandry
22:28 Light Cavalry
23:25 Bow Saw
23:19 Heavy Plow
27:00 Wheelbarrow
26:13 Town Watch
27:20 Town Watch
28:28 Elite Skirmisher
29:14 Thumb Ring
29:15 Padded Archer Armor
31:08 Hand Cart
30:53 Town Patrol
34:14 Caravan
36:54 Imperial Age
37:15 Fletching
37:41 Leather Archer Armor
37:37 Forging
37:33 Scale Barding Armor
38:26 Cavalier
39:04 Winged Hussar
40:21 Guilds
41:35 Town Patrol
41:43 Onager
43:30 Stone Shaft Mining
43:59 Two-Man Saw
43:32 Crop Rotation
45:34 Chemistry
44:55 Ballistics
44:30 Murder Holes
44:47 Masonry
45:09 Scale Mail Armor
45:45 Iron Casting
45:05 Bodkin Arrow
47:26 Heavy Cavalry Archer
50:14 Bombard Tower
49:24 Paladin
50:23 Elite Leitis
51:08 Hill Forts
51:10 Tower Shields
54:10 Chain Barding Armor
53:52 Bracer
54:22 Ring Archer Armor
54:07 Chain Mail Armor
Atrehus
7:15 Loom
10:03 Feudal Age
10:33 Town Watch
10:52 Horse Collar
10:58 Double-Bit Axe
18:36 Castle Age
18:52 Fletching
19:58 Wheelbarrow
28:48 Bodkin Arrow
28:39 Crossbowman
31:49 Heavy Plow
32:03 Bow Saw
31:45 Gold Mining
31:48 Stone Mining
33:36 Padded Archer Armor
34:22 Ballistics
35:38 Leather Archer Armor
37:56 Imperial Age
36:06 Scale Barding Armor
37:08 Thumb Ring
37:34 Hand Cart
37:22 Town Patrol
37:39 Masonry
37:53 Squires
38:30 Sanctity
38:22 Bimaristan
38:25 Forging
38:35 Chain Barding Armor
40:01 Two-Man Saw
39:04 Bracer
39:28 Conscription
39:26 Caravan
40:30 Chemistry
39:18 Arbalester
41:34 Iron Casting
41:00 Elite Skirmisher
42:36 Plate Barding Armor
42:37 Ring Archer Armor
45:10 Plate Barding Armor
45:14 Gold Shaft Mining
44:56 Fortified Wall
44:53 Siege Engineers
44:41 Guard Tower
44:40 Arrowslits
46:06 Blast Furnace
45:56 Redemption
46:56 Hoardings
46:08 Onager
47:34 Elite Mameluke
48:26 Counterweights
49:10 Scale Mail Armor
55:55 Theocracy
55:37 Block Printing
55:37 Fervor
55:57 Illumination
61:37 Pikeman
62:18 Squires
62:04 Arson
62:05 Gambesons
62:36 Chain Mail Armor
65:14 Siege Onager
dohteM
0:46 Loom
13:05 Feudal Age
14:51 Double-Bit Axe
19:41 Castle Age
20:34 Wheelbarrow
23:01 Hand Cart
24:16 Town Watch
24:45 Double-Bit Axe
24:44 Horse Collar
26:40 Coinage
28:32 Town Patrol
28:40 Stone Mining
30:29 Fletching
31:26 Caravan
36:25 Imperial Age
34:46 Bow Saw
34:29 Gold Mining
34:56 Forging
35:50 Great Wall
36:09 Bodkin Arrow
36:50 Iron Casting
37:14 Bracer
38:08 Conscription
37:53 Capped Ram
39:25 Gold Shaft Mining
39:26 Stone Shaft Mining
39:54 Blast Furnace
38:55 Scale Mail Armor
39:32 Murder Holes
39:36 Guard Tower
40:48 Chemistry
41:22 Banking
40:58 Siege Ram
41:14 Elite Chu Ko Nu
47:31 Chain Mail Armor
47:20 Padded Archer Armor
48:27 Heavy Plow
49:52 Heavy Rocket Cart
51:19 Masonry
51:31 Ballistics
51:34 Bombard Tower
52:56 Plate Mail Armor
52:42 Leather Archer Armor
52:23 Heated Shot
53:18 Keep
53:20 Architecture
54:56 Rocketry
54:12 Sappers
58:38 Ring Archer Armor
58:38 Scale Barding Armor
60:18 Arrowslits
aluv145
1:02 Loom
16:30 Feudal Age
19:19 Man-at-Arms
33:08 Castle Age
39:04 Imperial Age
37:18 Wheelbarrow
36:32 Town Watch
37:35 Fortified Wall
37:34 Siege Engineers
39:19 Capped Ram
41:18 Chemistry
41:27 Light Cavalry
42:50 Gambesons
42:57 Heavy Rocket Cart
44:22 Elite Skirmisher
50:16 Forging
49:57 Fletching
50:10 Padded Archer Armor
50:23 Hussar
53:08 Iron Casting
52:49 Double-Bit Axe
53:59 Bow Saw
57:24 Bloodlines
59:36 Bodkin Arrow
59:59 Leather Archer Armor
60:45 Blast Furnace
63:42 Scale Barding Armor
DaGhostRider
0:34 Loom
11:57 Feudal Age
13:39 Wheelbarrow
13:56 Horse Collar
14:08 Double-Bit Axe
18:14 Gold Mining
18:19 Stone Mining
20:52 Man-at-Arms
26:39 Castle Age
25:59 Forging
25:50 Scale Mail Armor
27:59 Long Swordsman
29:37 Hand Cart
31:20 Iron Casting
33:43 Heavy Plow
33:59 Bow Saw
34:28 Gold Shaft Mining
36:56 Chain Mail Armor
37:30 Scale Barding Armor
41:34 Imperial Age
40:37 Elite Skirmisher
41:13 Fletching
41:25 Padded Archer Armor
43:07 Ballistics
44:00 Legionary
46:59 Chemistry
47:05 Comitatenses
47:06 Conscription
48:26 Blast Furnace
47:42 Leather Archer Armor
47:24 Bodkin Arrow
48:50 Heavy Scorpion
50:42 Ballistas
50:50 Elite Centurion
58:45 Chain Barding Armor
58:57 Ring Archer Armor
60:28 Plate Barding Armor
trujic93
0:37 Loom
13:00 Feudal Age
13:35 Double-Bit Axe
13:43 Horse Collar
18:13 Man-at-Arms
27:11 Castle Age
26:54 Fletching
27:04 Padded Archer Armor
28:42 Bow Saw
31:22 Gold Mining
34:11 Wheelbarrow
35:48 Heavy Plow
37:50 Hand Cart
38:01 Squires
37:47 Gambesons
38:08 Stone Mining
39:00 Hamask
42:57 Imperial Age
40:43 Elite Skirmisher
43:10 Onager
44:27 Ballistics
44:44 Town Watch
46:13 Elite Varangian Guard
47:49 Pikeman
48:24 Siege Onager
55:29 Heated Shot
55:56 Town Patrol
56:18 Thumb Ring
56:41 Leather Archer Armor
56:21 Bodkin Arrow
57:07 Murder Holes
58:13 Chemistry
57:24 Masonry
57:20 Siege Engineers
56:43 Halberdier
59:03 Conscription
58:04 Northmen's Fury
Connection lost

Rejoining the realm…

Still unreachable

The connection could not be restored.

Session expired

The server has moved on; the page needs a fresh start.